 Dungeon Crawl Stone Soup version 0.29.1-15-g9cfb28693d (webtiles) character file.

Game seed: 14260730854172322279

487 MrElixer the Trooper (level 7, 0/55 HPs)
             Began as a Human Berserker on Apr 8, 2023.
             Was a Believer of Trog.
             Slain by Grunkalo's ghost (4 damage)
             ... on level 3 of the Dungeon.
             The game lasted 00:11:26 (3558 turns).

MrElixer the Trooper (Human Berserker)              Turns: 3558, Time: 00:11:26

Health: 0/55       AC:  9    Str: 20    XL:     7   Next: 36%
Magic:  7/7        EV: 11    Int:  7    God:    Trog [**....]
Gold:   76         SH:  5    Dex: 12    Spells: 6/6 levels left

rFire   + . .      SeeInvis .   c - +2 short sword (drain)
rCold   x . .      Faith    .   (no shield)
rNeg    + . .      Spirit   .   g - +0 scale mail
rPois   .          Reflect  +   f - +0 helmet
rElec   .          Harm     .   (no cloak)
rCorr   .          Rampage  .   h - +0 pair of gloves
Will    .....                   (no boots)
Stlth   ..........              d - amulet of reflection
HPRegen 0.18/turn               i - ring of positive energy
MPRegen 0.10/turn               m - ring of fire

@: no status effects
A: no striking features
a: Renounce Religion, Berserk, Trog's Hand


You were on level 3 of the Dungeon.
You worshipped Trog.
Trog was pleased with you.
You visited 1 branch of the dungeon, and saw 3 of its levels.

You collected 76 gold pieces.

Inventory:

Hand Weapons
 a - a +0 mace
 c - a +2 short sword of draining (weapon)
 o - a +1 scythe of pain
 v - a +0 dagger of protection
Armour
 b - a +0 animal skin
 f - a +0 helmet (worn)
 g - a +0 scale mail (worn)
 h - a +0 pair of gloves (worn)
 k - a +0 scale mail
 p - a +0 ring mail
Jewellery
 d - an amulet of reflection (around neck)
 i - a ring of positive energy (left hand)
 m - a ring of fire (right hand)
Wands
 x - a wand of flame (17)
Scrolls
 l - 3 scrolls of fog
 n - 3 scrolls of amnesia {unknown}
 r - a scroll of poison {unknown}
 s - 2 scrolls of identify
 t - a scroll of silence {unknown}
 y - a scroll of noise {unknown}
Potions
 e - 4 potions of curing
 j - a potion of degeneration {unknown}
 q - a potion of cancellation {unknown}
 u - 2 potions of might {unknown}
 w - a potion of resistance {unknown}
 z - a potion of lignification {unknown}


   Skills:
 + Level 4.6 Fighting
 + Level 4.6 Maces & Flails
 + Level 4.0 Armour
 + Level 4.0 Dodging


You had 6 spell levels left.
You didn't know any spells.
Your spell library contained the following spells:

 Spells                   Type           Power      Damage    Failure   Level
 Frozen Ramparts          Ice            0%         1d1       98%         3
 Portal Projectile        Hex/Tloc       0%         N/A       98%         3
 Tukima's Dance           Hex            0%         N/A       98%         3
 Ice Form                 Ice/Tmut       0%         N/A       100%        4
 Summon Ice Beast         Ice/Summ       0%         N/A       100%        4
 Blade Hands              Tmut           0%         N/A       100%        5


Dungeon Overview and Level Annotations

Branches:
Dungeon (3/15)

Altars:

Shops:
D:1 (   D:3 !

Annotations:
D:3 Grunkalo's ghost, amateur MiMo


Message History

The killer bee zombie hits you but does no damage.
Grunkalo's ghost hits you but does no damage.
You miss the killer bee zombie.
The killer bee zombie is severely damaged.
The killer bee zombie barely misses you.
Grunkalo's ghost hits you.
The killer bee zombie hits you but does no damage.
You barely miss the killer bee zombie.
The killer bee zombie is severely damaged.
The killer bee zombie closely misses you.
Grunkalo's ghost barely misses you.
You block the killer bee zombie's attack.
You hit the killer bee zombie.
The killer bee zombie is almost destroyed.
The killer bee zombie hits you. Grunkalo's ghost misses you.
The killer bee zombie hits you but does no damage.
You barely miss the killer bee zombie.
The killer bee zombie is almost destroyed.
The killer bee zombie hits you but does no damage.
Grunkalo's ghost barely misses you. The killer bee zombie hits you.
You hit the killer bee zombie.
You destroy the killer bee zombie!
Trog accepts your kill. You block Grunkalo's ghost's attack.
The wyvern skeleton bites you but does no damage.
You completely miss the wyvern skeleton.
Grunkalo's ghost barely misses you. The wyvern skeleton bites you.
* * * LOW HITPOINT WARNING * * *
Grunkalo's ghost hits you but does no damage.
Grunkalo's ghost attacks as you move away!
Grunkalo's ghost hits you.
* * * LOW HITPOINT WARNING * * *
The wyvern skeleton bites you!
* * * LOW HITPOINT WARNING * * *
The wyvern skeleton completely misses you.
Grunkalo's ghost attacks as you move away!
Grunkalo's ghost barely misses you.
Grunkalo's ghost attacks as you move away!
Grunkalo's ghost hits you.
You die...

.........##########.#
.#.#.#...#.#.#.##...#
.........#.....#...##
.#.#.#.####$...'...# .......#
#.$...'...# ....##.# ##....'..##
.....>.# #.....#..###############
.##.##.###.#.#.#ZW##.......#.....
.##÷##...# #####@.##.#####.#.####
.##.÷...## ##.####.##.......###
.#####.#.## ##.## #.##.##.#.##..
.#####.##.###.## #............#
.......##..#.## ####.#.##.##.#
#########.#.## #.......#..... #
#...## ##.##.#..####.# # #...#
##..##.#..####.# # #...#
#.#............#


You could see Grunkalo's ghost and a wyvern skeleton.

Vanquished Creatures
  Sigmund (D:2)
  A scorpion (D:3)
  Jessica (D:2)
  Natasha (thrice) (D:3)
  Terence (D:2)
  An orc wizard (D:3)
  A killer bee zombie (D:3)
  4 adders
  2 orcs (D:3)
  11 ball pythons
  9 endoplasms
  2 giant cockroaches
  4 goblins
  2 hobgoblins (D:3)
  2 jackals (D:1)
  2 quokkas (D:3)
  5 bats
  3 frilled lizards
  2 kobolds
  9 rats
66 creatures vanquished.

Notes
Turn   | Place    | Note
-------+----------+-------------------------------------------
     0 | D:1      | MrElixer the Human Berserker began the quest for the Orb.
     0 | D:1      | Reached XP level 1. HP: 18/18 MP: 1/1
   560 | D:1      | Reached XP level 2. HP: 22/24 MP: 2/2
   681 | D:1      | Found Isetukev's Antique Weapon Shoppe.
  1098 | D:2      | Reached XP level 3. HP: 29/29 MP: 3/3
  1149 | D:2      | Noticed Sigmund
  1157 | D:2      | Killed Sigmund
  1158 | D:2      | Reached XP level 4. HP: 37/37 MP: 4/4
  1158 | D:2      | Reached XP level 5. HP: 42/42 MP: 5/5
  1207 | D:2      | Reached ** piety under Trog
  1221 | D:2      | Noticed Terence
  1243 | D:2      | Killed Terence
  1244 | D:2      | Reached XP level 6. HP: 24/48 MP: 6/6
  2217 | D:2      | Noticed Jessica
  2224 | D:2      | Killed Jessica
  2308 | D:3      | Noticed Natasha
  2317 | D:3      | Killed Natasha
  2323 | D:3      | Noticed Natasha
  2333 | D:3      | Killed Natasha
  2710 | D:3      | Found Beiceum's Distillery.
  2729 | D:3      | Reached XP level 7. HP: 37/55 MP: 7/7
  2933 | D:3      | Found a faded altar of an unknown god.
  2978 | D:3      | Noticed Natasha
  3005 | D:3      | Killed Natasha
  3111 | D:3      | Found a runed translucent gate.
  3111 | D:3      | Found a runed translucent gate.
  3111 | D:3      | Found a runed translucent gate.
  3111 | D:3      | Noticed Grunkalo's ghost (amateur MiMo)
  3558 | D:3      | Slain by Grunkalo's ghost

Illustrated notes

Levels and vault maps discovered:
D:1:      onia_arrival_handbag, layout_loops_ring, serial_shops, shop_statue
D:2:      layout_loops_ring, minmay_fountain_box, uniq_sigmund, uniq_jessica,
          uniq_terence
D:3:      minmay_chambers_of_threes, layout_loops_cross,
          gammafunk_ghost_necromancy, chequers_ecumenical_altar_simple,
          serial_glass, glass_columns_b, glass_columns_b, serial_shops, shop,
          uniq_natasha

Skill      XL: |  1  2  3  4  5  6  7 |
---------------+----------------------+-----
Fighting       | 4 |  4.6
Maces & Flails | 4 |  4.6
Armour         | 3 4 |  4.0
Dodging        | 3 4 |  4.0

Action                   |  1- 3 |  4- 6 |  7- 9 || total
-------------------------+-------+-------+-------++-------
Melee: Short sword       |    47 |    85 |    84 ||   216
       Mace              |     2 |       |       ||     2
       Punch             |       |     2 |       ||     2
  Use: Scroll            |     4 |       |       ||     4
Armor: Scale mail        |     6 |    30 |    59 ||    95
       Animal skin       |     1 |       |       ||     1
Dodge: Dodged            |    18 |    33 |    70 ||   121
Block: Other             |    12 |    30 |    32 ||    74
       Reflection        |       |     1 |       ||     1
